 Dungeon Crawl Stone Soup version 0.21-a0-95-g06f091e (webtiles) character file.

910 grindst0ne the Transmogrifier (level 8, 0/54 HPs)
             Began as a Merfolk Transmuter on July 4, 2017.
             Was a Believer of Ru.
             Shot with an arrow by a centaur (6 damage)
             ... on level 5 of the Dungeon.
             The game lasted 00:13:18 (7810 turns).

grindst0ne the Transmogrifier (Merfolk Transmuter)  Turns: 7810, Time: 00:13:19

Health: 0/54       AC: -1    Str: 12    XL:     8   Next: 8%
Magic:  8/11       EV: 13    Int: 13    God:    Ru [**....]
Gold:   206        SH:  0    Dex: 14    Spells: 1/11 levels left

rFire    . . .     SeeInvis .     - Unarmed
rCold    . . .     Gourm    .   (no shield)
rNeg     . . .     Faith    .   b - +0 robe
rPois    .         Spirit   .   m - +0 helmet
rElec    .         Reflect  .   q - +0 cloak
rCorr    +         Harm     .   (no gloves)
MR       .....                  (no boots)
Stlth    +.........             u - amulet of magic regeneration
HPRegen  0.18/turn              g - ring of resist corrosion
MPRegen  0.37/turn              (no ring)

@: very slightly contaminated, drained
A: change form in water, swift swim, stealthy swim, reduced AC 1
a: Renounce Religion


You were on level 5 of the Dungeon.
You worshipped Ru.
Ru was pleased with you.
You were not hungry.

You visited 1 branch of the dungeon, and saw 5 of its levels.

You collected 206 gold pieces.

Inventory:

Missiles
 a - 103 arrows
Armour
 b - a +0 robe (worn)
 m - a +0 helmet (worn)
 q - a +0 cloak (worn)
Jewellery
 g - a ring of resist corrosion (left hand)
 u - an amulet of magic regeneration (around neck)
 w - an uncursed amulet of the gourmand
Wands
 y - a wand of iceblast (8/15)
Scrolls
 d - 2 scrolls of remove curse {unknown}
 f - 3 scrolls of enchant armour {unknown}
 h - 3 scrolls of teleportation {unknown}
 j - 4 scrolls of identify {unknown}
 l - a scroll of recharging {unknown}
 n - a scroll of noise {unknown}
 o - a scroll of fear {unknown}
 p - a scroll of enchant weapon {unknown}
 t - a scroll of amnesia {unknown}
 v - a scroll of random uselessness {unknown}
Potions
 k - a potion of magic
Books
 c - a book of Changes

   Spells                             Type                      Level
   a - Beastly Appendage              Transmutation                1
   b - Sticks to Snakes               Transmutation                2
   c - Spider Form                    Transmutation/Poison         3
   d - Ice Form                       Ice/Transmutation            4
   e - Blade Hands                    Transmutation                5
Comestibles
 i - 3 meat rations
 r - 2 chunks of flesh
 s - 3 bread rations


   Skills:
 - Level 1.1(0.7) Fighting
 - Level 2.6(2.3) Dodging
 - Level 4.1(3.8) Unarmed Combat
 - Level 2.0(1.6) Spellcasting
 + Level 10.9(10.5) Transmutations
 + Level 2.5(2.1) Ice Magic


You had one spell level left.
You knew the following spells:

 Your Spells              Type           Power        Failure   Level  Hunger
a - Beastly Appendage     Tmut           ####..       1%          1    ##.....
b - Sticks to Snakes      Tmut           ####....     1%          2    ###....
c - Spider Form           Tmut/Pois      ##........   9%          3    ####...
d - Ice Form              Ice/Tmut       ###.....     19%         4    #####..


Dungeon Overview and Level Annotations

Branches:
Dungeon (5/15)
 Temple: D:4-7

Altars:
Dithmenos
Hepliaklqana
Okawaru
Ru

Annotations:
D:4 exclusion: downstairs
D:5 p0werm0de's ghost, amateur DsCK


Innate Abilities, Weirdness & Mutations

You revert to your normal form in water.
You are very nimble and swift while swimming.
You are very stealthy in the water. (Stealth+)
You take slightly more damage. (AC -5)


Message History

Casting: Sticks to Snakes
Confirm with . or Enter, or press ? or * to list all spells.
You don't know that spell.
Unknown command.
You swap places.
The centaur shoots an arrow.
The arrow closely misses your adder. The arrow hits you.
You see here an arrow.
There is an open door here.
A centaur is nearby!
A centaur is nearby!
Casting: Sticks to Snakes
Confirm with . or Enter, or press ? or * to list all spells.
You miscast Spider Form.
You are very lightly contaminated with residual magic.
You feel sick.
The centaur shoots an arrow.
The arrow hits your adder!
Your adder dies!
The centaur shoots an arrow.
The arrow hits you!
* * * LOW HITPOINT WARNING * * *
The centaur shoots an arrow.
The arrow hits you.
You die...

.. ##. ... #c. #.#
.. #.# ########
.... #.# #.(....#
.....##(###@.....#
###
........(c'......#
...
#.......(##......#
##
.........##......#
#
#........##.<....#
#########
#........##......#
#.......[
.........#########
#....####
...........).)<#
#....# #
........#..#####
###....# #


You could see a centaur.

Vanquished Creatures
  The ghost of Ijustatesigmund the Skirmisher, an amateur OgHu (D:3)
  A centaur (D:5)
  An orc wizard (D:5)
  Crazy Yiuf (D:2)
  Robin (D:2)
  A gnoll (D:5)
  7 adders
  An ooze (D:3)
  5 worms
  2 dart slugs
  4 leopard geckos
  7 orcs
  A ball python (D:2)
  5 giant cockroaches
  17 goblins
  10 hobgoblins
  13 jackals
  5 quokkas
  7 bats
  10 frilled lizards
  14 kobolds
  14 rats
128 creatures vanquished.

Vanquished Creatures (collateral kills)
  Sigmund (D:4)
  Eustachio (D:4)
  An ogre (D:5)
  Blork the orc (D:4)
  An iguana (D:4)
  A worker ant (D:5)
  An adder (D:3)
  3 gnolls (D:5)
  2 orcs
  A hobgoblin (D:3)
  A quokka (D:3)
  A bat (D:3)
  A quokka skeleton (D:4)
  A rat (D:3)
17 creatures vanquished.

Grand Total: 145 creatures vanquished

Notes
Turn   | Place    | Note
-------+----------+-------------------------------------------
     0 | D:1      | grindst0ne the Merfolk Transmuter began the quest for the Orb.
     0 | D:1      | Reached XP level 1. HP: 15/15 MP: 3/3
   435 | D:1      | Reached skill level 3 in Transmutations
   518 | D:1      | Reached XP level 2. HP: 19/21 MP: 3/5
  1110 | D:1      | Reached XP level 3. HP: 25/26 MP: 4/6
  1360 | D:1      | Learned a level 2 spell: Sticks to Snakes
  1364 | D:1      | Learned a level 3 spell: Spider Form
  1532 | D:2      | Reached skill level 4 in Transmutations
  1955 | D:2      | Noticed Robin
  2025 | D:2      | Reached XP level 4. HP: 5/32 MP: 1/7
  2478 | D:2      | Found a runed door.
  2597 | D:2      | Reached skill level 5 in Transmutations
  2779 | D:2      | Killed Robin
  3293 | D:2      | Found a hazy altar of Hepliaklqana.
  3788 | D:2      | Noticed Crazy Yiuf
  3801 | D:2      | Killed Crazy Yiuf
  3801 | D:2      | Reached skill level 6 in Transmutations
  3801 | D:2      | Reached XP level 5. HP: 23/37 MP: 1/8
  4191 | D:3      | Found an iron altar of Okawaru.
  4423 | D:3      | Reached skill level 7 in Transmutations
  4472 | D:3      | Found a sacrificial altar of Ru.
  4501 | D:3      | Found a faded altar of an unknown god.
  4525 | D:3      | Became a worshipper of Ru the Awakened
  4628 | D:3      | Found a shadowy altar of Dithmenos.
  4679 | D:3      | Noticed Ijustatesigmund's ghost (amateur OgHu)
  4944 | D:3      | Killed Ijustatesigmund's ghost
  4944 | D:3      | Reached skill level 8 in Transmutations
  4944 | D:3      | Reached XP level 6. HP: 28/43 MP: 6/9
  5465 | D:4      | Noticed Sigmund
  5475 | D:4      | Killed Sigmund
  5475 | D:4      | Reached skill level 9 in Transmutations
  5475 | D:4      | Reached XP level 7. HP: 45/48 MP: 0/10
  5846 | D:4      | Gained mutation: You take slightly more damage. (AC -5) [Ru sacrifice]
  5846 | D:4      | Reached * piety under Ru
  5846 | D:4      | Reached ** piety under Ru
  5895 | D:4      | Noticed Eustachio
  5907 | D:4      | Killed Eustachio
  5907 | D:4      | Reached skill level 10 in Transmutations
  6145 | D:4      | Noticed Blork the orc
  6161 | D:4      | Killed Blork the orc
  6573 | D:4      | Found a sacrificial altar of Ru.
  6688 | D:4      | Learned a level 4 spell: Ice Form
  6972 | D:5      | Entered Level 5 of the Dungeon
  6987 | D:5      | Reached skill level 1 in Ice Magic
  7309 | D:5      | Reached XP level 8. HP: 52/54 MP: 11/11
  7500 | D:5      | Noticed p0werm0de's ghost (amateur DsCK)
  7810 | D:5      | Shot with an arrow by a centaur

Vault maps used:
D:1:      shiori_arrival_maze
D:2:      overflow_temple_1_default, uniq_crazy_yiuf_cottage, uniq_robin
D:3:      corexii_shack_village, lemuel_doored_altar, overflow_temple_1_default,
          old_standard_altar, serial_bayou, serial_bayou_lagoon_a,
          serial_bayou_pond_b, serial_bayou_shore_a, serial_bayou_pond_e,
          chequers_ecumenical_altar_twisty
D:4:      nicolae_ru_sacrificial_ziggurat, uniq_blork_the_orc, uniq_eustachio,
          uniq_sigmund
D:5:      first_bread, kennysheep_generic_room_9

Skill      XL: |  1  2  3  4  5  6  7 |
---------------+----------------------+-----
Transmutations | 3 4 6 8 9 10 | 10.9
Unarmed Combat | 4 |  4.1
Ice Magic      | 2 |  2.5
Fighting       | |  1.1
Dodging        | |  2.6
Spellcasting   | |  2.0

Action                   |  1- 3 |  4- 6 |  7- 9 || total
-------------------------+-------+-------+-------++-------
Melee: Unarmed           |   142 |   165 |    77 ||   384
       Headbutt          |     9 |       |       ||     9
       Punch             |     1 |       |       ||     1
 Cast: Beastly Appendage |    15 |       |       ||    15
       Spider Form       |     6 |    37 |    20 ||    63
       Sticks to Snakes  |     1 |    13 |    19 ||    33
Invok: Sacrifice Health  |       |       |     1 ||     1
  Use: Potion            |       |     3 |     7 ||    10
 Stab: Sleeping          |     1 |       |       ||     1
       Distracted        |       |     3 |     1 ||     4
  Eat: Chunk             |     4 |    13 |    10 ||    27
       Bread ration      |       |     1 |     1 ||     2
Armor: Robe              |    17 |     3 |       ||    20
       Skin              |     2 |     6 |     1 ||     9
Dodge: Dodged            |   101 |   148 |    73 ||   322
